HSSL
OVERLAND PARK HS TRIPLETS @ SANTA FE HS CHIEFS
05/06/2026
 
TOP OF THE 1ST
Overland Park HS Triplets batting - Pitching for Santa Fe HS Chiefs : RHP Jim Gorman
Pitching: RHP Jim Gorman
Batting: RHB T.J. Kaufman 0-0: Fly out, F9 (Flyball, 9M)
Batting: RHB Ben Simpson 0-0: Foul Ball, location: 2F
0-1: Ball
1-1: Foul Ball, location: 2F
1-2: Ball
2-2: Foul Ball, location: 2F
2-2: Ball
3-2: Fly out, F6 (Popup, 6MD)
Batting: RHB Manuel Espinosa 0-0: Ball
1-0: Swinging Strike
1-1: Ball
2-1: Ball
3-1: Base on Balls
Batting: RHB Jesús Arévalo 0-0: Fly out, F7 (Flyball, 7M)
Top of the 1st over - 0 run(s), 0 hit(s), 0 error(s), 1 left on base; Overland Park HS 0 - Santa Fe HS 0
BOTTOM OF THE 1ST
Santa Fe HS Chiefs batting - Pitching for Overland Park HS Triplets : RHP Danny Anderson
Pitching: RHP Danny Anderson
Batting: LHB Derrek Robinson 0-0: Foul Ball, location: 2F
0-1: Swinging Strike
0-2: Strikes out swinging
Batting: RHB Thomas Barnes 0-0: Ball
1-0: Ball
2-0: Ball
3-0: Base on Balls
Batting: LHB William Mitchell 0-0: Called Strike
0-1: Foul Ball, location: 2F
0-2: Ball
1-2: Fly out, F8 (Flyball, 78M)
Batting: RHB Juan Carlos Cruz 0-0: Ball
1-0: Foul Ball, location: 2F
1-1: Ball
2-1: Ball
3-1: Fly out, F3 (Popup, 23F)
Bottom of the 1st over - 0 run(s), 0 hit(s), 0 error(s), 1 left on base; Overland Park HS 0 - Santa Fe HS 0
TOP OF THE 2ND
Overland Park HS Triplets batting - Pitching for Santa Fe HS Chiefs : RHP Jim Gorman
Batting: RHB Edgardo Morales 0-0: Called Strike
0-1: Foul Ball, location: 2F
0-2: Strikes out looking
Batting: RHB Simon Plante 0-0: Ball
1-0: Called Strike
1-1: Fly out, F8 (Flyball, 8LD)
Batting: RHB Nicolas Fillion 0-0: Ball
1-0: Foul Ball, location: 2F
1-1: Ball
2-1: Ball
3-1: Foul Ball, location: 2F
3-2: Foul Ball, location: 2F
3-2: Base on Balls
Batting: RHB Preston Church 0-0: Ball
1-0: Called Strike
1-1: Ball
2-1: Called Strike
2-2: Ball
3-2: Strikes out looking
Top of the 2nd over - 0 run(s), 0 hit(s), 0 error(s), 1 left on base; Overland Park HS 0 - Santa Fe HS 0
BOTTOM OF THE 2ND
Santa Fe HS Chiefs batting - Pitching for Overland Park HS Triplets : RHP Danny Anderson
Batting: SHB Rick Hilton 0-0: SINGLE (Line Drive, 6MD)
Batting: LHB Adrian Neal 0-0: Ball
1-0: Foul Ball, location: 2F
1-1: Called Strike
1-2: Strikes out swinging
Batting: RHB Carlos Gómez 0-0: Called Strike
0-1: Called Strike
0-2: Ball
1-2: Ball
2-2: Foul Ball, location: 2F
2-2: Ball
3-2: Strikes out swinging
Batting: LHB Jason Rogers 0-0: Called Strike
0-1: Called Strike
0-2: Foul Ball, location: 2F
0-2: Ground out 4-3 (Groundball, 34)
Bottom of the 2nd over - 0 run(s), 1 hit(s), 0 error(s), 1 left on base; Overland Park HS 0 - Santa Fe HS 0
TOP OF THE 3RD
Overland Park HS Triplets batting - Pitching for Santa Fe HS Chiefs : RHP Jim Gorman
Batting: RHB Lorne McClain 0-0: Called Strike
0-1: Ball
1-1: Foul Ball, location: 2F
1-2: Ball
2-2: Strikes out swinging
Batting: RHB T.J. Kaufman 0-0: Ball
1-0: Ball
2-0: Foul Ball, location: 2F
2-1: Ball
3-1: Base on Balls
Batting: RHB Ben Simpson 0-0: Grounds into double play, 5-4-3 (Groundball, 5)
Top of the 3rd over - 0 run(s), 0 hit(s), 0 error(s), 0 left on base; Overland Park HS 0 - Santa Fe HS 0
BOTTOM OF THE 3RD
Santa Fe HS Chiefs batting - Pitching for Overland Park HS Triplets : RHP Danny Anderson
Batting: RHB Brady Holland 0-0: Called Strike
0-1: Called Strike
0-2: Ball
1-2: Strikes out swinging
Batting: LHB Derrek Robinson 0-0: Called Strike
0-1: Swinging Strike
0-2: SINGLE (Groundball, 6MD)
Batting: RHB Thomas Barnes 0-0: Called Strike
0-1: Ball
1-1: Ball
2-1: Ball
3-1: Base on Balls
Derrek Robinson to second
Batting: LHB William Mitchell 0-0: Fly out, F8 (Popup, 6MD)
Batting: RHB Juan Carlos Cruz 0-0: Called Strike
0-1: SINGLE (Line Drive, 9S)
Derrek Robinson to third
Thomas Barnes to second
Runner from 3rd tries for Home, SAFE, no throw or cutoff
Batting: SHB Rick Hilton 0-0: Ball
1-0: DOUBLE (Line Drive, 89M)
Thomas Barnes scores
Juan Carlos Cruz to third
Batting: LHB Adrian Neal 0-0: Called Strike
0-1: Swinging Strike
0-2: Foul Ball, location: 2F
0-2: Ball
1-2: Foul Ball, location: 2F
1-2: Ball
2-2: Strikes out looking
Bottom of the 3rd over - 2 run(s), 3 hit(s), 0 error(s), 2 left on base; Overland Park HS 0 - Santa Fe HS 2
TOP OF THE 4TH
Overland Park HS Triplets batting - Pitching for Santa Fe HS Chiefs : RHP Jim Gorman
Batting: RHB Manuel Espinosa 0-0: Ball
1-0: Foul Ball, location: 2F
1-1: Ball
2-1: Ground out 5-3 (Groundball, 5)
Batting: RHB Jesús Arévalo 0-0: Ball
1-0: Ball
2-0: DOUBLE (Line Drive, 5D)
Batting: RHB Edgardo Morales 0-0: Ball
1-0: Called Strike
1-1: Ball
2-1: Fly out, F9 (Popup, 9LS)
Batting: RHB Simon Plante 0-0: Ball
1-0: SINGLE (Groundball, 56D)
Jesús Arévalo to third
Runner from 3rd tries for Home, SAFE, no throw or cutoff
Batting: RHB Nicolas Fillion 0-0: Ball
1-0: Ball
2-0: Ball
3-0: Called Strike
3-1: Fly out, F6 (Popup, 56D)
Top of the 4th over - 1 run(s), 2 hit(s), 0 error(s), 1 left on base; Overland Park HS 1 - Santa Fe HS 2
BOTTOM OF THE 4TH
Santa Fe HS Chiefs batting - Pitching for Overland Park HS Triplets : RHP Danny Anderson
Batting: RHB Carlos Gómez 0-0: TRIPLE (Flyball, 89M)
Batting: LHB Jason Rogers 0-0: Called Strike
0-1: Ball
1-1: Called Strike
1-2: Ball
2-2: Ball
3-2: Base on Balls
Batting: RHB Brady Holland 0-0: Ball
1-0: Ball
2-0: Ball
3-0: Called Strike
3-1: Called Strike
3-2: Grounds into double play, U3-6 (Groundball, 3L)
Carlos Gómez scores
Batting: LHB Derrek Robinson 0-0: Ball
1-0: Called Strike
1-1: Called Strike
1-2: Ball
2-2: Ball
3-2: Foul Ball, location: 2F
3-2: SINGLE (Groundball, 4M)
Batting: RHB Thomas Barnes 0-0: Ball
Derrek Robinson is caught stealing 2nd base
Bottom of the 4th over - 1 run(s), 2 hit(s), 0 error(s), 0 left on base; Overland Park HS 1 - Santa Fe HS 3
TOP OF THE 5TH
Overland Park HS Triplets batting - Pitching for Santa Fe HS Chiefs : RHP Jim Gorman
Batting: RHB Preston Church 0-0: Swinging Strike
0-1: Fly out, F8 (Flyball, 8LM)
Batting: RHB Lorne McClain 0-0: SINGLE (Line Drive, 7S)
Batting: RHB T.J. Kaufman 0-0: Ball
1-0: Called Strike
1-1: Ball
2-1: Ball
3-1: Base on Balls
Lorne McClain to second
Batting: RHB Ben Simpson 0-0: Ball
1-0: Swinging Strike
1-1: Called Strike
1-2: Strikes out looking
Batting: RHB Manuel Espinosa 0-0: Ball
1-0: Swinging Strike
1-1: Fly out, F7 (Flyball, 7M)
Top of the 5th over - 0 run(s), 1 hit(s), 0 error(s), 2 left on base; Overland Park HS 1 - Santa Fe HS 3
BOTTOM OF THE 5TH
Santa Fe HS Chiefs batting - Pitching for Overland Park HS Triplets : RHP Danny Anderson
Batting: RHB Thomas Barnes 0-0: Foul Ball, location: 2F
0-1: Ball
1-1: Swinging Strike
1-2: Foul Ball, location: 2F
1-2: Strikes out looking
Pitching: RHP Will Shelley
Batting: LHB William Mitchell 0-0: Foul Ball, location: 2F
0-1: Ball
1-1: Fly out, F8 (Flyball, 8RM)
Batting: RHB Juan Carlos Cruz 0-0: Swinging Strike
0-1: Swinging Strike
0-2: Foul Ball, location: 2F
0-2: Ball
1-2: Fly out, F8 (Flyball, 8LM)
Bottom of the 5th over - 0 run(s), 0 hit(s), 0 error(s), 0 left on base; Overland Park HS 1 - Santa Fe HS 3
TOP OF THE 6TH
Overland Park HS Triplets batting - Pitching for Santa Fe HS Chiefs : RHP Jim Gorman
Batting: RHB Jesús Arévalo 0-0: Called Strike
0-1: Swinging Strike
0-2: Ball
1-2: Ball
2-2: Ball
3-2: Strikes out swinging
Pitching: RHP Cullen Rivera
Batting: RHB Edgardo Morales 0-0: Ball
1-0: Foul Ball, location: 2F
1-1: SINGLE (Line Drive, 6D)
Batting: RHB Simon Plante 0-0: Ball
1-0: SINGLE (Line Drive, 89M)
Edgardo Morales to second
Runner from 2nd tries for 3rd, SAFE, throw made to third
Batting: RHB Nicolas Fillion 0-0: Called Strike
0-1: Foul Ball, location: 2F
0-2: Ball
1-2: Ball
2-2: Strikes out looking
Batting: RHB Preston Church 0-0: Called Strike
0-1: Ball
1-1: Foul Ball, location: 2F
1-2: Strikes out swinging
Top of the 6th over - 0 run(s), 2 hit(s), 0 error(s), 2 left on base; Overland Park HS 1 - Santa Fe HS 3
BOTTOM OF THE 6TH
Santa Fe HS Chiefs batting - Pitching for Overland Park HS Triplets : RHP Will Shelley
Batting: SHB Rick Hilton 0-0: Called Strike
0-1: Ball
1-1: Ball
2-1: Ball
3-1: Base on Balls
Batting: LHB Adrian Neal 0-0: Foul Ball, location: 2F
0-1: Foul Ball, location: 2F
0-2: Grounds into double play, 4-6-3 (Groundball, 4)
Batting: RHB Carlos Gómez 0-0: Ball
1-0: Ball
2-0: Fly out, F9 (Line Drive, 89M)
Bottom of the 6th over - 0 run(s), 0 hit(s), 0 error(s), 0 left on base; Overland Park HS 1 - Santa Fe HS 3
TOP OF THE 7TH
Overland Park HS Triplets batting - Pitching for Santa Fe HS Chiefs : RHP Cullen Rivera
Batting: RHB Lorne McClain 0-0: Ball
1-0: Foul Ball, location: 2F
1-1: Foul Ball, location: 2F
1-2: Ball
2-2: Strikes out swinging
Batting: RHB T.J. Kaufman 0-0: Ground out 4-3 (Groundball, 4)
Batting: RHB Ben Simpson 0-0: Ball
1-0: Ground out 6-3 (Groundball, 6)
Top of the 7th over - 0 run(s), 0 hit(s), 0 error(s), 0 left on base; Overland Park HS 1 - Santa Fe HS 3
BOTTOM OF THE 7TH
Santa Fe HS Chiefs batting - Pitching for Overland Park HS Triplets : RHP Will Shelley
Batting: LHB Jason Rogers 0-0: Foul Ball, location: 2F
0-1: Ball
1-1: Ball
2-1: SINGLE (Line Drive, 34)
Batting: RHB Brady Holland 0-0: DOUBLE (Groundball, 5L)
Jason Rogers to third
Batting: LHB Derrek Robinson 0-0: Intentional Walk
Batting: RHB Thomas Barnes 0-0: Ball
1-0: Fly out, F9 (Flyball, 89M)
Runner from 3rd tags up, SCORES, no throw
Pitching: RHP Rafael Luna
Batting: LHB William Mitchell 0-0: Called Strike
0-1: Called Strike
0-2: Fly out, F5 (Popup, 5L)
Batting: RHB Juan Carlos Cruz 0-0: Ball
1-0: SINGLE (Groundball, 56)
Brady Holland to third
Derrek Robinson to second
Runner from 3rd tries for Home, SAFE, no throw or cutoff
Batting: SHB Rick Hilton 0-0: Called Strike
0-1: Ball
1-1: Ball
2-1: Foul Ball, location: 2F
2-2: Ball
3-2: Foul Ball, location: 2F
3-2: Foul Ball, location: 2F
3-2: Foul Ball, location: 2F
3-2: Base on Balls
Derrek Robinson to third
Juan Carlos Cruz to second
Batting: LHB Adrian Neal 0-0: Called Strike
0-1: Ball
1-1: Ball
2-1: Fly out, F4 (Line Drive, 4)
Bottom of the 7th over - 2 run(s), 3 hit(s), 0 error(s), 3 left on base; Overland Park HS 1 - Santa Fe HS 5
TOP OF THE 8TH
Overland Park HS Triplets batting - Pitching for Santa Fe HS Chiefs : RHP Cullen Rivera
Batting: RHB Manuel Espinosa 0-0: Called Strike
0-1: Ball
1-1: Ball
2-1: Ball
3-1: Called Strike
3-2: Base on Balls
Batting: RHB Jesús Arévalo 0-0: Foul Ball, location: 2F
0-1: Fielders Choice at 2nd, 6-4 (Groundball, 6)
Pitching: RHP Dane Vaughan
Batting: RHB Edgardo Morales 0-0: Called Strike
0-1: Grounds into double play, 6-4-3 (Groundball, 6)
Top of the 8th over - 0 run(s), 0 hit(s), 0 error(s), 0 left on base; Overland Park HS 1 - Santa Fe HS 5
BOTTOM OF THE 8TH
Santa Fe HS Chiefs batting - Pitching for Overland Park HS Triplets : RHP Rafael Luna
Batting: RHB Carlos Gómez 0-0: Ball
1-0: Swinging Strike
1-1: Ball
2-1: SOLO HOME RUN (Flyball, 78XD), Distance : 429 ft
Batting: LHB Jason Rogers 0-0: Swinging Strike
0-1: Swinging Strike
0-2: Ball
1-2: Ball
2-2: Strikes out swinging
Batting: RHB Brady Holland 0-0: Ball
1-0: SOLO HOME RUN (Flyball, 7LD), Distance : 368 ft
Batting: LHB Derrek Robinson 0-0: Ball
1-0: Foul Ball, location: 2F
1-1: SINGLE (Line Drive, 6MD)
Batting: RHB Thomas Barnes 0-0: Fly out, F4 (Popup, 4D)
Batting: LHB William Mitchell 0-0: Called Strike
0-1: Swinging Strike
0-2: Foul Ball, location: 2F
0-2: Ball
1-2: Ball
2-2: Ball
3-2: Base on Balls
Derrek Robinson to second
Batting: RHB Juan Carlos Cruz 0-0: Ball
1-0: Ball
2-0: Called Strike
2-1: Called Strike
2-2: Ball
3-2: Base on Balls
Derrek Robinson to third
William Mitchell to second
Batting: SHB Rick Hilton 0-0: Ground out 4-3 (Groundball, 34)
Bottom of the 8th over - 2 run(s), 3 hit(s), 0 error(s), 3 left on base; Overland Park HS 1 - Santa Fe HS 7
TOP OF THE 9TH
Overland Park HS Triplets batting - Pitching for Santa Fe HS Chiefs : RHP Dane Vaughan
Batting: RHB Simon Plante 0-0: Called Strike
0-1: Ball
1-1: Called Strike
1-2: Ground out 5-3 (Groundball, 5S)
Batting: RHB Nicolas Fillion 0-0: Swinging Strike
0-1: Swinging Strike
0-2: Ball
1-2: Fly out, F3 (Popup, 3D)
Batting: RHB Preston Church 0-0: Called Strike
0-1: Ball
1-1: Foul Ball, location: 2F
1-2: Ball
2-2: SOLO HOME RUN (Flyball, 7LD), Distance : 360 ft
Batting: RHB Lorne McClain 0-0: Called Strike
0-1: Ball
1-1: Swinging Strike
1-2: Ball
2-2: Ball
3-2: Strikes out looking
Top of the 9th over - 1 run(s), 1 hit(s), 0 error(s), 0 left on base; Overland Park HS 2 - Santa Fe HS 7
Monday, December 5th, 2016 - OOTP Baseball 17.12 Build 75